 Dungeon Sprint DCSS version 0.31-a0-859-g9dce7d3444 (webtiles) character file.

Game seed: 8814496809644440788

3710 sircluck the Grappler (level 9, -1/106 HPs)
             Began as a Troll Berserker on Oct 9, 2023.
             Was a High Priest of Trog.
             Slain by an unseen horror (11 damage)
             ... in the Dungeon (Sprint I: "Red Sonja").
             The game lasted 00:01:39 (645 turns).

sircluck the Grappler (Troll Berserker)              Turns: 645, Time: 00:01:40

Health: -1/106     AC: -4    Str: 31    XL:     9   Next: 91%
Magic:  8/8        EV: 13    Int:  3    God:    Trog [*****.]
Gold:   987        SH:  0    Dex:  9    Spells: 8/8 levels left

rFire   . .          .
                       - Unarmed
rCold   . . .        (no shield)
rNeg    . . .        a - +0 animal skin
rPois   .            (helmet restricted)
rElec   .            (no cloak)
rCorr   .            (gloves unavailable)
SInv    .            (boots unavailable)
Will    .....        (no amulet)
Stlth   +            (no ring)
HPRegen 1.17/turn    (no ring)
MPRegen 0.11/turn

%: no teleportation
@: corroded
A: large, unfitting armour, claws 3, regeneration 1, shaggy fur 1, tough skin 1
a: Renounce Religion, Berserk, Trog's Hand, Brothers in Arms


You were in the Dungeon.
You worshipped Trog.
Trog was extremely pleased with you.
You visited 1 branch You collected 987 gold pieces.

Inventory:

Armour
 a - a +0 animal skin (worn)
Wands
 h - a wand of iceblast (6)
 l - a wand of digging (6)
Scrolls
 g - a scroll of blinking
 k - a scroll of identify {unknown}
Potions
 b - 3 potions of curing
 d - a potion of haste
 e - 2 potions of magic
 f - a potion of berserk rage
 i - a potion of lignification {unknown}
 j - a potion of attraction {unknown}


   Skills:
 + Level 11.8 Fighting
 + Level 11.6 Dodging
 + Level 13.7 Unarmed Combat


You had 8 spell levels left.
You didn't know any spells.
Your spell library was empty.

Dungeon Overview and Level Annotations

Branches:
Dungeon (1/1)

Altars:
Cheibriados
Dithmenos
Elyvilon
Fedhas
Gozag
Hepliaklqana
Kikubaaqudgha
Nemelex Xobeh
Okawaru
Qazlal
Ru
Sif Muna
Trog
Uskayaw
Vehumet
Wu Jian
Yredelemnul
Zin
The Shining One

Shops:
D ![


Innate Abilities, Weirdness & Mutations

You are too large for most types of armour.
You have claws for hands.
Your natural rate of healing is unusually fast.
You are covered in fur. (AC +1)
You have tough skin. (AC +1)


Message History

* * * LOW HITPOINT WARNING * * *
The jelly hits you.
* * * LOW HITPOINT WARNING * * *
You are splashed with acid!
* * * LOW HITPOINT WARNING * * *
Something hits you!
* * * LOW HITPOINT WARNING * * *
The jelly jiggles.
The jelly attacks as it pursues you! The jelly hits you.
* * * LOW HITPOINT WARNING * * *
You are splashed with acid!
* * * LOW HITPOINT WARNING * * *
You see here a redback corpse.
Unknown command.
Unknown command.
You feel much better. The jelly closely misses you.
Unknown command.
Unknown command.
Unknown command.
Your ogre goes berserk!
Trog will no longer gift you weapons. The jelly hits you.
* * * LOW HITPOINT WARNING * * *
You are splashed with acid!
* * * LOW HITPOINT WARNING * * *
Something hits your ogre. Something hits your ogre!
The jelly attacks as it pursues you! The jelly closely misses you.
You swap places.
Something hits you!
* * * LOW HITPOINT WARNING * * *
Your ogre hits the jelly with a +0 giant spiked club!!
The jelly dies!
Trog accepts your kill.
Trog will now gift you melee weapons as you gain piety.
Something hits you.
* * * LOW HITPOINT WARNING * * *
Unknown command.
Unknown command.
Unknown command.
You closely miss something. Something hits you!
You die...

#..'..# ').#..+
#####'# ####
#...#:####§§####
#..##.#~§~..#§.#
##'#_.+~~~§.§..#
.†..._#§~~§§#§.#
##_.#'##)#####§###
###'#.#.).)###§{@#
###)####'###.###O#
.'...'.....')∩##§#
##...###########§#
###.### #J#
#.#'#.#. +n#
#.....#+..######§#
#..[(.#nJ..§..§#.#
#######.J....§#§.#


You could see a friendly ogre (summoned, berserk).

Vanquished Creatures
  2 centaur warriors (D)
  Sonja (D)
  A deep troll (D)
  An oklob plant (D)
  A hornet (D)
  Sigmund (D)
  A yak (D)
  2 redbacks (D)
  A floating eye (D)
  An ogre (D)
  4 jellies (D)
  Ijyb (D)
17 creatures vanquished.

Vanquished Creatures (collateral kills)
  A jelly (D)
1 creature vanquished.

Vanquished Creatures (others)
  2 ballistomycete spores (D)
2 creatures vanquished.

Grand Total: 20 creatures vanquished

Notes
Turn   | Place    | Note
-------+----------+-------------------------------------------
     0 | D        | sircluck the Troll Berserker began the quest for the Orb.
     0 | D        | Reached XP level 1. HP: 22/22 MP: 0/0
     1 | D        | Noticed Ijyb
    10 | D        | Killed Ijyb
    11 | D        | Reached skill level 4 in Unarmed Combat
    11 | D        | Reached XP level 2. HP: 30/32 MP: 1/1
    16 | D        | Noticed an ogre
    20 | D        | Killed an ogre
    21 | D        | Reached skill level 5 in Fighting
    21 | D        | Reached skill level 5 in Dodging
    21 | D        | Reached skill level 6 in Unarmed Combat
    21 | D        | Reached XP level 3. HP: 18/42 MP: 2/2
    21 | D        | Reached XP level 4. HP: 21/50 MP: 3/3
    59 | D        | Noticed Sigmund
    70 | D        | Killed Sigmund
    70 | D        | Reached ** piety under Trog
    71 | D        | Reached skill level 7 in Unarmed Combat
    71 | D        | Reached XP level 5. HP: 30/61 MP: 4/4
   112 | D        | Found an ornate altar of the Wu Jian Council.
   112 | D        | Found a shimmering blue altar of Sif Muna.
   114 | D        | Found a radiant altar of Vehumet.
   118 | D        | Reached skill level 8 in Unarmed Combat
   118 | D        | Reached XP level 6. HP: 55/68 MP: 5/5
   148 | D        | Found Pyiniaz's Distillery.
   148 | D        | Found an ancient bone altar of Kikubaaqudgha.
   148 | D        | Found a hazy altar of Hepliaklqana.
   148 | D        | Found a hide-covered altar of Uskayaw.
   148 | D        | Found a basalt altar of Yredelemnul.
   148 | D        | Found an opulent altar of Gozag.
   148 | D        | Found a snail-covered altar of Cheibriados.
   148 | D        | Found a sacrificial altar of Ru.
   148 | D        | Found a shadowy altar of Dithmenos.
   148 | D        | Noticed a yak
   153 | D        | Killed a yak
   167 | D        | Found a stormy altar of Qazlal.
   167 | D        | Found a blossoming altar of Fedhas.
   167 | D        | Found a bloodstained altar of Trog.
   167 | D        | Found an iron altar of Okawaru.
   167 | D        | Found a glowing golden altar of the Shining One.
   167 | D        | Found a glowing silver altar of Zin.
   167 | D        | Found a white marble altar of Elyvilon.
   168 | D        | Found a sparkling altar of Nemelex Xobeh.
   178 | D        | Noticed Sonja
   184 | D        | Killed Sonja
   184 | D        | Reached *** piety under Trog
   185 | D        | Reached skill level 10 in Unarmed Combat
   185 | D        | Reached XP level 7. HP: 83/83 MP: 6/6
   277 | D        | Noticed a deep troll
   282 | D        | Killed a deep troll
   283 | D        | Reached skill level 11 in Unarmed Combat
   283 | D        | Reached XP level 8. HP: 93/93 MP: 7/7
   293 | D        | Found Qigotz's Armour Emporium.
   317 | D        | Noticed a centaur warrior
   317 | D        | Noticed a centaur warrior
   332 | D        | Killed a centaur warrior
   333 | D        | Reached skill level 10 in Fighting
   333 | D        | Reached skill level 10 in Dodging
   333 | D        | Reached skill level 12 in Unarmed Combat
   333 | D        | Reached XP level 9. HP: 43/102 MP: 8/8
   334 | D        | Killed a centaur warrior
   404 | D        | Reached **** piety under Trog
   405 | D        | Reached skill level 13 in Unarmed Combat
   414 | D        | Noticed an oklob plant
   421 | D        | Killed an oklob plant
   494 | D        | Reached ***** piety under Trog
   645 | D        | Slain by an unseen horror

Illustrated notes

Levels and vault maps discovered:
D:        dungeon_sprint_1 [red_sonja_temple_1, red_sonja_temple_small_1]

Skill      XL: |  1  2  3  4  5  6  7  8  9 |
---------------+----------------------------+-----
Fighting       | 3 5 6 9 10 11 | 11.8
Dodging        | 3 5 6 8 9 10 11 | 11.6
Unarmed Combat | 4 6 7 8 10 11 12 13 | 13.7

Action                     |  1- 3 |  4- 6 |  7- 9 || total
---------------------------+-------+-------+-------++-------
  Melee: Unarmed           |    11 |    20 |    39 ||    70
         Punch             |       |       |     2 ||     2
 Invoke: Berserk           |       |     1 |     2 ||     3
         Brothers in Arms  |       |       |     1 ||     1
    Use: Potion            |       |       |     1 ||     1
 Armour: Animal skin       |     6 |    12 |    58 ||    76
  Dodge: Dodged            |     3 |     5 |    24 ||    32

Table legend: (Time is in decaauts)
 A = Elapsed time spent in this place.
 B = Non-inter-level travel time spent in this place.
 C = Inter-level travel time spent in this place.
 D = Time resting spent in this place.
 E = Time spent auto-exploring this place.
 F = Levels seen in this place.
 G = Mean time per level.
                   A        B        C        D        E       F      G
               +--------+--------+--------+--------+--------+-----+--------+
         Total |    663 |    663 |      0 |    222 |    192 |   1 |  663.0 |
       Dungeon |    663 |    663 |      0 |    222 |    192 |   1 |  663.0 |
               +--------+--------+--------+--------+--------+-----+--------+

Top non-repeatable levels by time:
       D: 663 daAuts
